 Dungeon Crawl Stone Soup version 0.18.1-48-g4cf74bf (webtiles) character file.

6805 Mesmaeker13 the Covert (level 10, 0/74 HPs)
             Began as a Demonspawn Gladiator on July 11, 2016.
             Was an Elder of Makhleb.
             Slain by a large slime creature (23 damage)
             ... on level 9 of the Dungeon.
             The game lasted 00:32:04 (10360 turns).

Mesmaeker13 the Covert (Demonspawn Gladiator)      Turns: 10360, Time: 00:32:05

Health: 0/74       AC: 13    Str: 15    XL:     10   Next: 77%
Magic:  14/14      EV: 15    Int: 13    God:    Makhleb [****..]
Gold:   406        SH:  0    Dex: 14    Spells: 0 memorised, 9 levels left

rFire  . . .     SeeInvis .     d - +2 dagger (venom)
rCold  + . .     Gourm    .     L - +2 robe {rC+}
rNeg   . . .     Faith    +     (no shield)
rPois  .         Spirit   .     e - +2 hat
rElec  .         Dismiss  .     l - +2 cloak
rCorr  .         Reflect  .     K - +0 pair of gloves
SustAt +         Harm     .     y - +0 pair of boots
MR     .....                    N - amulet of faith
Stlth  +++++++...               (no ring)
                                B - ring of sustain attributes

@: drained, not resistant to hostile enchantments, extremely stealthy
A: claws 1, yellow scales 1, nightstalker 3, spiny 2
a: Minor Destruction, Lesser Servant of Makhleb, Major Destruction, Renounce
Religion


You were on level 9 of the Dungeon.
You worshipped Makhleb.
Makhleb was greatly pleased with you.
You were very hungry.

You visited 2 branches of the dungeon, and saw 10 of its levels.

You collected 549 gold pieces.
You spent 143 gold pieces at shops.

Inventory:

Hand Weapons
 d - a +2 dagger of venom (weapon)
 A - a +1 long sword
 I - a +0 rapier
 M - a +2 scimitar of freezing
Missiles
 s - 30 poisoned needles
Armour
 e - a +2 hat (worn)
 l - a +2 cloak (worn)
 y - a +0 pair of boots (worn)
 K - a +0 pair of gloves (worn)
 L - a +2 robe of cold resistance (worn)
Jewellery
 B - a ring of sustain attributes (left hand)
 G - an uncursed amulet of dismissal
 N - an amulet of faith (around neck)
Wands
 a - a wand of iceblast (0/15)
Scrolls
 g - 7 scrolls of amnesia
 i - 3 scrolls of teleportation {unknown}
 j - a scroll of identify
 m - 3 scrolls of fog {unknown}
 p - a scroll of magic mapping {unknown}
 u - 5 scrolls of remove curse
 w - a scroll of immolation {unknown}
 x - 3 scrolls of recharging {unknown}
 C - a scroll of enchant armour {unknown}
 O - a scroll of fear {unknown}
Potions
 b - 2 potions of resistance
 c - a potion of mutation {unknown}
 k - 2 potions of lignification {unknown}
 n - 2 potions of berserk rage {unknown}
 o - 3 potions of haste {unknown}
 q - 4 potions of might {unknown}
 r - a potion of brilliance
 z - 2 potions of agility {unknown}
 D - a potion of curing
 E - 2 potions of heal wounds
 F - 2 potions of cancellation {unknown}
 P - a potion of flight {unknown}
Books
 v - a book of Transfigurations

   Spells                             Type                      Level
   a - Irradiate                      Conjuration/Transmutation    5
   b - Statue Form                    Transmutation/Earth          6
   c - Hydra Form                     Transmutation                6
   d - Dragon Form                    Transmutation                7
 H - a book of Envenomations

   Spells                             Type                      Level
   a - Spider Form                    Transmutation/Poison         3
   b - Olgreb's Toxic Radiance        Poison                       4
   c - Alistair's Intoxication        Transmutation/Poison         5
   d - Poisonous Cloud                Conjuration/Poison/Air       6
Comestibles
 f - 6 bread rations
 h - a beef jerky
 t - 3 fruits
 J - 2 meat rations


   Skills:
 - Level 5.0(4.3) Fighting
 + Level 1.0(5.0) Short Blades
 - Level 9.0(8.3) Long Blades
 - Level 1.7(1.1) Throwing
 + Level 6.2(5.6) Dodging
 - Level 10.2(9.5) Stealth
 + Level 5.6(4.9) Invocations


You had 9 spell levels left.
You didn't know any spells.

Dungeon Overview and Level Annotations

Branches:
Dungeon (9/15)             Temple (1/1) D:7            Lair (0/8) D:8
    Orc: D:9-12

Altars:
Cheibriados
Dithmenos
Fedhas
Gozag
Kikubaaqudgha
Makhleb
Nemelex Xobeh
Okawaru
Pakellas
Qazlal
Ru
Sif Muna
Trog
Vehumet
Xom
Zin
The Shining One

Shops:
D:5 }   D:7 !

Annotations:
D:5 Blork the orc


Innate Abilities, Weirdness & Mutations

You have sharp fingernails.
You are partially covered in yellow scales (AC +2).
You are completely attuned to the shadows.
You are mostly covered in sharp spines.


Message History

The slime creature hits you.
You feel sick.
Two slime creatures merge to form a large slime creature.
You hit the large slime creature.
The large slime creature is moderately wounded.
You hit the large slime creature.
The large slime creature is moderately wounded.
You hit the large slime creature but do no damage.
The large slime creature is poisoned.
The large slime creature is moderately wounded.
You feel sick. The large slime creature hits you!!
* * * LOW HITPOINT WARNING * * *
You hit the large slime creature.
The large slime creature is moderately wounded.
You feel sick.
Drink which item? (? for menu, Esc to quit)
You feel better.
The large slime creature is struck by your spines.
The large slime creature hits you!!
You die...

##....#..........#
.####..........#
##........##
###........# .
.......####.## #
######....#..#
####....## ###J..#
#@#.# #...# #...#
#...# #...#


You could see a large slime creature.

Vanquished Creatures
  A hill giant (D:6)
  Grinder (D:6)
  Sigmund (D:5)
  2 wraiths (D:7)
  Eustachio (D:6)
  A steam dragon (D:8)
  Menkaure (D:5)
  Edmund (D:5)
  A porcupine (D:8)
  2 ice beasts
  3 orc warriors
  2 necrophages
  2 sky beasts (D:7)
  4 phantoms
  3 ogres
  4 centaurs
  7 giant frogs
  An elf skeleton (D:7)
  4 scorpions
  4 killer bees
  6 wights
  2 howler monkeys
  4 crimson imps
  A giant frog zombie (D:5)
  2 quasits
  4 human zombies (D:7)
  5 hounds
  4 jellies
  A centaur zombie (D:5)
  2 orc priests (D:7)
  Crazy Yiuf (D:5)
  A centaur skeleton (D:5)
  4 iguanas
  5 orc wizards
  3 giant frog skeletons
  7 worker ants
  Natasha (thrice) (D:2)
  3 killer bee zombies
  A sheep (D:8)
  A hound skeleton (D:6)
  2 hound zombies
  3 mummies (D:7)
  A worker ant zombie (D:8)
  12 gnolls
  11 adders
  A howler monkey skeleton (D:8)
  3 shadow imps
  An ooze (D:2)
  An adder skeleton (D:7)
  An adder zombie (D:8)
  3 worms
  3 dart slugs
  7 giant geckos
  22 orcs
  8 giant cockroaches
  11 goblins
  8 hobgoblins
  3 jackals (D:1)
  11 kobolds
  3 quokkas
  A ball python (D:2)
  5 bats
  2 giant gecko skeletons
  A giant gecko zombie (D:6)
  11 giant newts
  2 jackal skeletons
  A quokka zombie (D:5)
  10 rats
254 creatures vanquished.

Vanquished Creatures (collateral kills)
  A yak (D:8)
  3 killer bees (D:8)
  A crimson imp (D:8)
  An orc wizard (D:8)
  2 orcs (D:8)
8 creatures vanquished.

Grand Total: 262 creatures vanquished

Notes
Turn   | Place    | Note
--------------------------------------------------------------
     0 | D:1      | Mesmaeker13 the Demonspawn Gladiator began the quest for the Orb.
     0 | D:1      | Reached XP level 1. HP: 16/16 MP: 1/1
   241 | D:1      | Gained mutation: You are slightly more attuned to the shadows. [demonic ancestry]
   241 | D:1      | Reached XP level 2. HP: 12/23 MP: 2/2
   976 | D:1      | Gained mutation: You are significantly more attuned to the shadows. [demonic ancestry]
   976 | D:1      | Reached XP level 3. HP: 28/28 MP: 3/3
  1698 | D:2      | Noticed Natasha
  1704 | D:2      | Killed Natasha
  1704 | D:2      | Gained mutation: You are partially covered in yellow scales (AC +2). [demonic ancestry]
  1704 | D:2      | Reached XP level 4. HP: 27/35 MP: 4/4
  1832 | D:2      | Noticed Natasha
  1839 | D:2      | Killed Natasha
  1960 | D:2      | Noticed Natasha
  1973 | D:2      | Killed Natasha
  2112 | D:2      | Gained mutation: You are completely attuned to the shadows. [demonic ancestry]
  2112 | D:2      | Reached XP level 5. HP: 38/42 MP: 5/5
  2161 | D:2      | Found a bloodstained altar of Trog.
  2590 | D:3      | Found a shadowy altar of Dithmenos.
  2703 | D:3      | Reached skill level 1 in Stealth
  2721 | D:3      | Noticed a centaur
  2734 | D:3      | Killed a centaur
  2734 | D:3      | Reached XP level 6. HP: 35/49 MP: 6/6
  2898 | D:3      | Reached skill level 2 in Stealth
  3122 | D:3      | Found a faded altar to an unknown god.
  3167 | D:4      | Reached skill level 5 in Long Blades
  3208 | D:4      | Gained mutation: You are partially covered in sharp spines. [demonic ancestry]
  3208 | D:4      | Reached XP level 7. HP: 34/55 MP: 7/7
  3450 | D:4      | Reached skill level 5 in Fighting
  3471 | D:4      | Reached skill level 3 in Stealth
  3785 | D:4      | Reached skill level 4 in Stealth
  3925 | D:4      | Found a burning altar of Makhleb.
  4000 | D:5      | Entered Level 5 of the Dungeon
  4189 | D:5      | Noticed Menkaure
  4194 | D:5      | Killed Menkaure
  4194 | D:5      | Reached skill level 5 in Stealth
  4194 | D:5      | Reached XP level 8. HP: 61/61 MP: 8/8
  4288 | D:5      | Noticed Edmund
  4320 | D:5      | Killed Edmund
  4774 | D:5      | Noticed Blork the orc
  4788 | D:5      | Found a deep blue altar of Sif Muna.
  5029 | D:5      | Found an oddly glowing altar of Pakellas.
  5029 | D:5      | Found Pakellas's Prime Provisions.
  5130 | D:5      | Noticed Sigmund
  5133 | D:5      | Killed Sigmund
  5133 | D:5      | Reached skill level 6 in Stealth
  5207 | D:5      | Noticed Crazy Yiuf
  5211 | D:5      | Killed Crazy Yiuf
  5330 | D:4      | Became a worshipper of Makhleb the Destroyer
  5500 | D:6      | Found a bloodstained altar of Trog.
  5532 | D:6      | Found a blossoming altar of Fedhas.
  5662 | D:6      | Reached skill level 7 in Stealth
  5662 | D:6      | Gained mutation: You have sharp fingernails. [demonic ancestry]
  5662 | D:6      | Reached XP level 9. HP: 11/68 MP: 9/9
  6239 | D:6      | Noticed Eustachio
  6393 | D:6      | Killed Eustachio
  6393 | D:6      | Reached * piety under Makhleb
  6420 | D:6      | Noticed Grinder
  6445 | D:6      | Killed Grinder
  6445 | D:6      | Reached skill level 8 in Stealth
  6813 | D:7      | Noticed a hill giant
  7584 | D:7      | Reached skill level 9 in Stealth
  7825 | D:6      | Killed a hill giant
  7825 | D:6      | Gained mutation: You are mostly covered in sharp spines. [demonic ancestry]
  7825 | D:6      | Reached XP level 10. HP: 42/73 MP: 10/10
  7979 | D:7      | Reached ** piety under Makhleb
  8016 | D:7      | Reached skill level 1 in Invocations
  8209 | D:7      | Reached skill level 5 in Dodging
  8300 | D:7      | Found Launky's Distillery.
  8321 | D:7      | Bought a potion of curing for 39 gold pieces
  8321 | D:7      | Bought a potion of curing for 39 gold pieces
  8321 | D:7      | Bought a potion of heal wounds for 65 gold pieces
  8372 | D:7      | Found a glowing golden altar of the Shining One.
  8517 | D:7      | Found an ancient bone altar of Kikubaaqudgha.
  8584 | D:7      | Found a staircase to the Ecumenical Temple.
  8605 | Temple   | Entered the Ecumenical Temple
  9089 | D:8      | Reached *** piety under Makhleb
  9233 | D:8      | Found a staircase to the Lair.
  9326 | D:8      | Reached skill level 10 in Stealth
  9416 | D:8      | Reached skill level 5 in Invocations
 10194 | D:8      | Found an opulent altar of Gozag.
 10195 | D:8      | Found a glowing silver altar of Zin.
 10288 | D:9      | Reached **** piety under Makhleb
 10334 | D:9      | Reached skill level 1 in Short Blades
 10360 | D:9      | Slain by a large slime creature

Skill      XL: |  1  2  3  4  5  6  7  8  9 10 |
---------------+-------------------------------+-----
Long Blades    | 3 4 5 6 8 9 |  9.0
Fighting       | 3 4 5 |  5.0
Stealth        | 1 2 5 7 9 10 | 10.2
Dodging        | 4 6 |  6.2
Invocations    | 5 |  5.6
Short Blades   | 1 |  1.0
Throwing       | |  1.7

Action                   |  1- 3 |  4- 6 |  7- 9 | 10-12 || total
-------------------------+-------+-------+-------+-------++-------
Melee: Long sword        |    98 |       |       |       ||    98
       Dagger            |    31 |   156 |   293 |   240 ||   720
       Scimitar          |       |       |       |     1 ||     1
Throw: Throwing net      |       |       |     5 |       ||     5
Invok: Lesser Servant of |       |       |       |     2 ||     2
       Minor Destruction |       |       |       |     1 ||     1
Evoke: Wand              |       |       |     1 |       ||     1
  Use: Potion            |     2 |       |     1 |     1 ||     4
       Scroll            |       |     4 |     1 |       ||     5
 Stab: Sleeping          |     6 |    18 |    30 |    21 ||    75
       Held in net/web   |       |       |     1 |       ||     1
       Distracted        |       |       |       |     1 ||     1
  Eat: Chunk             |     3 |     5 |    11 |     8 ||    27
       Fruit             |       |       |     1 |       ||     1
       Pizza             |       |       |     1 |       ||     1
Armor: Leather armour    |    31 |    48 |     9 |       ||    88
       Robe              |       |       |    68 |    56 ||   124
Dodge: Dodged            |    84 |    85 |   121 |    92 ||   382
